 Dungeon Crawl Stone Soup version 0.32-a0-986-ga09f62fbf4 (webtiles) character file.

Game seed: 14728049130834439963

44712 Armakuni the Fetichist (level 14, -5/110 HPs)
             Began as a Human Artificer on Apr 20, 2024.
             Was an Initiate of Gozag.
             Slain by a skyshark (11 damage)
             ... on level 4 of the Lair of Beasts on Apr 21, 2024.
             The game lasted 00:52:08 (19037 turns).

Armakuni the Fetichist (Human Artificer)           Turns: 19037, Time: 00:52:08

Health: -5/110     AC: 21    Str: 23    XL:     14   Next: 29%
Magic:  14/14      EV: 13    Int: 22    God:    Gozag
Gold:   388        SH:  0    Dex: 18    Spells: 11/13 levels left

rFire   . . .        a - +2 lajatang (spect)
rCold   . . .        (shield currently unavailable)
rNeg    . . .        x - +4 scale mail "Pecy" {Str+4 Int+2}
rPois   .            C - +2 helmet
rElec   +            z - +0 cloak
rCorr   .            o - +2 pair of gloves
SInv    .            t - +0 pair of boots
Will    ++...        M - amulet "Qahabe" {Will+ RegenMP+ Int+2}
Stlth   +            S - +4 ring of slaying
HPRegen 0.38/turn    F - ring "Nikuss" {rElec Str+6 Int+2 Dex+4 Slay-2}
MPRegen 0.54/turn

%: no passive effects
@: gold aura, studying Fighting
A: explore regen
a: Renounce Religion, Potion Petition, Call Merchant, Bribe Branch


You were on level 4 of the Lair of Beasts.
You worshipped Gozag.
Gozag was aware of your devotion.
You visited 4 branches of the dungeon, and saw 18 of its levels.
You visited the Abyss 1 time.
You also visited: Ossuary and Gauntlet.

You collected 5125 gold pieces.
You spent 2802 gold pieces at shops.
You paid 1935 gold pieces to Gozag.

Inventory:

Hand Weapons
 a - a +2 spectral lajatang (weapon)
 b - a +3 quarterstaff of freezing
Armour
 i - the +6 chain mail of Hiurgh {rPois Int+2}
   (You bought it in a shop on level 7 of the Dungeon)

   Int+2:     It affects your intelligence (+2).
   rPois:     It protects you from poison.
 o - a +2 pair of gloves (worn)
 t - a +0 pair of boots (worn)
 x - the +4 scale mail "Pecy" (worn) {Str+4 Int+2}
   (You found it on level 7 of the Dungeon)

   Str+4:     It affects your strength (+4).
   Int+2:     It affects your intelligence (+2).
 z - a +0 cloak (worn)
 C - a +2 helmet (worn)
Jewellery
 l - a +5 ring of evasion
 A - a +4 ring of protection
 F - the ring "Nikuss" (right hand) {rElec Str+6 Int+2 Dex+4 Slay-2}
   (You bought it in a shop on level 2 of the Orcish Mines)

   [ring of strength]

   Str+6:     It affects your strength (+6).
   Int+2:     It affects your intelligence (+2).
   Dex+4:     It affects your dexterity (+4).
   Slay-2:    It affects your accuracy & damage with ranged weapons and melee
   (-2).
   rElec:     It insulates you from electricity.
 M - the amulet "Qahabe" (around neck) {Will+ RegenMP+ Int+2}
   (You bought it in a shop on level 2 of the Orcish Mines)

   [amulet of magic regeneration]

   It increases your rate of magic regeneration.
   Int+2:     It affects your intelligence (+2).
   Will+:     It increases your willpower.
   RegenMP+:  It increases your rate of magic regeneration.
 S - a +4 ring of slaying (left hand)
Wands
 h - a wand of acid (9)
 p - a wand of paralysis (1)
 v - a wand of flame (5)
 D - a wand of warping (2)
 H - a wand of mindburst (7)
Scrolls
 d - 6 scrolls of teleportation
 g - 2 scrolls of fear
 j - 6 scrolls of amnesia
 m - 4 scrolls of noise
 s - 2 scrolls of immolation
 u - a scroll of enchant armour
 y - 7 scrolls of identify
 B - 3 scrolls of blinking
 E - a scroll of silence
Potions
 c - 2 potions of brilliance
 e - a potion of mutation {unknown}
 f - 9 potions of ambrosia
 k - 2 potions of degeneration {unknown}
 n - 3 potions of haste
 q - 5 potions of enlightenment
 r - 2 potions of attraction
 w - 5 potions of curing
Miscellaneous
 I - a phantom mirror
 J - a condenser vane


   Skills:
 - Level 10.0 Fighting
 - Level 4.0(9.8) Maces & Flails
 - Level 13.7(14.0) Staves
 - Level 8.3 Armour
 - Level 7.5 Dodging
 - Level 1.0 Stealth
 + Level 17.7 Evocations


You had 11 spell levels left.
You knew the following spells:

 Your Spells              Type           Power      Damage    Failure   Level
b - Blink                 Tloc           0%         N/A       50%         2

Your spell library contained the following spells:

 Spells                   Type           Power      Damage    Failure   Level
 Magic Dart               Conj           0%         1d3       36%         1
 Call Imp                 Summ           0%         N/A       50%         2
 Cigotuvi's Dreadful Rot  Necr/Alch/Air  0%         N/A       50%         2
 Lesser Beckoning         Tloc           0%         N/A       50%         2
 Hailstorm                Conj/Ice       0%         3d5       73%         3
 Inner Flame              Hex/Fire       0%         N/A       73%         3
 Maxwell's Portable Pile  Tloc           0%         2d(5-13)  73%         3
 Summon Ice Beast         Ice/Summ       0%         N/A       73%         3
 Teleport Other           Tloc           0%         N/A       73%         3
 Volatile Blastmotes      Fire/Tloc      0%         2d10      73%         3
 Dispel Undead            Necr           0%         3d6       98%         4
 Martyr's Knell           Necr/Summ      0%         N/A       98%         4
 Vhi's Electric Charge    Tloc/Air       0%         N/A       98%         4
 Irradiate                Conj/Alch      0%         3d11      100%        5
 Gell's Gavotte           Tloc           0%         2d(11-16) 100%        6
 Permafrost Eruption      Ice/Erth       0%         2x4d1     100%        6
 Sculpt Simulacrum        Ice/Alch       0%         N/A       100%        6
 Ignition                 Fire           0%         3d3       100%        8
 Fire Storm               Conj/Fire      0%         5d1       100%        9


Dungeon Overview and Level Annotations

Branches:
Dungeon (11/15)            Temple (1/1) D:7            Lair (4/5) D:9
  Swamp (0/4) Lair:2       Spider (0/4) Lair:3          Orc (2/2) D:11
    Elf (0/3) Orc:2       Ossuary (visited)         Gauntlet (visited)
  Slime: Lair:4-5

Altars:
Ashenzari
Cheibriados
Dithmenos
Elyvilon
Fedhas
Gozag
Hepliaklqana
Kikubaaqudgha
Makhleb
Nemelex Xobeh
Okawaru
Qazlal
Ru
Sif Muna
Trog
Uskayaw
Vehumet
Wu Jian
Xom
Yredelemnul
Zin
The Shining One

Shops:
D:7 [   D:9 (   Orc:1 ([[   Orc:2 =(?   Lair:1 =

Annotations:
Lair:2 2 transporters, Pewn's ghost, journeyman HOBe


Innate Abilities, Weirdness & Mutations

You regain HP and MP as you explore.


Message History

You barely miss the skyshark.
The skyshark is severely wounded.
The hell rat closely misses you.
You completely miss the skyshark.
The skyshark is severely wounded.
The skyshark bites you.
* * * LOW HITPOINT WARNING * * *
The skyshark tastes blood and grows stronger!
The skyshark barely misses you.
The skyshark tail-slaps you but does no damage.
The hell rat closely misses you.
You slash the skyshark!
The skyshark is severely wounded.
The skyshark bites you.
* * * LOW HITPOINT WARNING * * *
The skyshark enters a blood-rage!
The skyshark tail-slaps you!
* * * LOW HITPOINT WARNING * * *
The skyshark barely misses you.
The hell rat bites you but does no damage.
You hit the skyshark.
The skyshark is almost dead.
The skyshark closely misses you. x2; The skyshark barely misses you.
You closely miss the skyshark.
The skyshark is almost dead.
The hell rat bites you but does no damage.
The skyshark bites you!
* * * LOW HITPOINT WARNING * * *
The skyshark barely misses you. The skyshark closely misses you.
You barely miss the skyshark.
The skyshark is almost dead.
The hell rat closely misses you.
The skyshark bites you but does no damage.
The skyshark completely misses you.
The skyshark tail-slaps you but does no damage.
You hit the skyshark.
The skyshark is almost dead.
The skyshark bites you but does no damage.
The skyshark tail-slaps you!
You die...
Your body crumbles into a pile of gold.

#### ## Y
#@F##.# .
...###Fr..##..r
....Y..S........
.....I..<..I....
................
....##....##....
#... ###.#. ...
##. ##### .# # #


You could see a skyshark (berserk), a cane toad, a water moccasin and a hell
rat.

Vanquished Creatures
  A tentacled starspawn (Abyss:2)
  A minotaur (Gauntlet)
  A green death (Gauntlet)
  Fannar (D:10)
  Erolcha (Orc:2)
  2 two-headed ogres
  A boulder beetle (D:11)
  3 orc high priests
  2 occultists (Gauntlet)
  An orb spider (Lair:3)
  5 orc knights
  An obsidian bat (Orc:1)
  4 orc sorcerers
  An oklob plant (Gauntlet)
  3 black mambas
  5 kobold blastminers
  2 torpor snails
  A dire elephant skeleton (Abyss:2)
  5 cane toads
  A smoke demon (Abyss:2)
  An orange demon (Gauntlet)
  An unseen horror (D:10)
  5 komodo dragons
  3 rime drakes
  An ice devil (Gauntlet)
  A queen bee (D:9)
  6 trolls
  2 polar bears
  15 blink frogs
  3 shadows (Gauntlet)
  Sigmund (D:3)
  4 wyverns
  31 yaks
  2 basilisks
  7 wargs
  Grum (D:10)
  3 vampire mosquitoes (D:11)
  12 water moccasins
  3 acid dragons
  17 orc warriors
  A sky beast (D:6)
  4 black bears
  3 ogres
  23 wolves
  3 centaurs
  A phantom (D:5)
  5 kobold brigands
  10 bullfrogs
  A scorpion (D:6)
  9 wights
  24 killer bees (D:9)
  4 howler monkeys
  3 bombardier beetles
  4 electric eels
  3 hounds
  10 orc priests
  Crazy Yiuf (D:7)
  4 jellies
  Ijyb (D:3)
  Natasha (twice) (D:2)
  14 orc wizards
  4 hell rats (Lair:4)
  A crocodile zombie (Ossuary)
  3 gnolls (D:3)
  5 adders
  5 shadow imps
  10 white imps
  2 ufetubi (D:7)
  2 adder zombies (Ossuary)
  A dart slug (D:1)
  2 ribbon worms (D:2)
  45 orcs
  3 bats
  9 endoplasms
  4 giant cockroaches (D:1)
  A gnoll zombie (Ossuary)
  6 goblins
  10 hobgoblins
  4 jackals (D:1)
  6 quokkas
  8 ball pythons
  3 frilled lizards
  31 kobolds
  An orc zombie (Ossuary)
  5 rats
  A starspawn tentacle (Abyss:2)
463 creatures vanquished.

Vanquished Creatures (collateral kills)
  2 yaks (D:8)
  A steam dragon (D:8)
  A centaur (D:8)
  2 water moccasin zombies (Ossuary)
  A burial acolyte (Ossuary)
  4 wights (D:8)
  An orc wizard (D:4)
  2 mummies (Ossuary)
  2 adders
  A shadow imp (D:5)
  4 adder zombies (Ossuary)
  6 gnoll zombies (Ossuary)
  3 jackal zombies (Ossuary)
  5 orc zombies (Ossuary)
35 creatures vanquished.

Vanquished Creatures (others)
  2 hounds
  A crocodile zombie (Ossuary)
  5 spectral weapons
  2 starspawn tentacles (Abyss:2)
10 creatures vanquished.

Grand Total: 508 creatures vanquished

Notes
Turn   | Place    | Note
-------+----------+-------------------------------------------
     0 | D:1      | Armakuni the Human Artificer began the quest for the Orb.
     0 | D:1      | Reached XP level 1. HP: 15/15 MP: 1/1
   115 | D:2      | Reached XP level 2. HP: 12/21 MP: 2/2
   134 | D:3      | Found a faded altar of an unknown god.
   188 | D:4      | Reached skill level 4 in Evocations
   188 | D:4      | Reached XP level 3. HP: 26/26 MP: 3/3
   302 | D:4      | Found a sand-covered staircase.
   310 | Ossuary  | Entered an ossuary
   350 | Ossuary  | Reached skill level 5 in Evocations
   350 | Ossuary  | Reached XP level 4. HP: 23/32 MP: 4/4
   381 | Ossuary  | Reached XP level 5. HP: 37/37 MP: 5/5
   419 | Ossuary  | Reached skill level 6 in Evocations
   635 | Ossuary  | Reached XP level 6. HP: 27/43 MP: 6/6
   742 | D:4      | Found a basalt altar of Yredelemnul.
   795 | D:4      | Reached skill level 7 in Evocations
   842 | D:4      | Found a blossoming altar of Fedhas.
   937 | D:4      | Found a shadowy altar of Dithmenos.
   973 | D:5      | Entered Level 5 of the Dungeon
   999 | D:5      | Reached XP level 7. HP: 8/48 MP: 7/7
  1211 | D:3      | Found a bloodstained altar of Trog.
  1215 | D:3      | Found a stormy altar of Qazlal.
  1387 | D:3      | Found a white marble altar of Elyvilon.
  1420 | D:3      | Noticed Sigmund
  1430 | D:3      | Killed Sigmund
  1431 | D:3      | Reached skill level 8 in Evocations
  1649 | D:2      | Noticed Natasha
  2822 | D:1      | You fall into a shaft and drop 1 floor!
  3366 | D:2      | Killed Natasha
  3426 | D:2      | Noticed Natasha
  3433 | D:2      | Killed Natasha
  3863 | D:3      | Reached skill level 5 in Fighting
  3873 | D:3      | Reached XP level 8. HP: 46/62 MP: 8/8
  4182 | D:3      | Noticed Ijyb
  4185 | D:3      | Killed Ijyb
  5053 | D:5      | Reached skill level 10 in Fighting
  5162 | D:5      | Reached skill level 1 in Maces & Flails
  5293 | D:6      | Reached XP level 9. HP: 73/78 MP: 9/9
  5480 | D:6      | Learned a level 2 spell: Blink
  5722 | D:6      | Reached skill level 9 in Evocations
  6191 | D:7      | Found a glowing golden altar of the Shining One.
  6316 | D:7      | Found Uniozi's Antique Armour Shop.
  6317 | D:7      | Identified the +4 scale mail "Pecy" {Str+4 Int+2}
  6796 | D:7      | Reached skill level 5 in Armour
  6827 | D:7      | Found a staircase to the Ecumenical Temple.
  6921 | Temple   | Entered the Ecumenical Temple
  6936 | Temple   | Became a worshipper of Gozag Ym Sagoz the Greedy
  7016 | D:7      | Found a runed translucent door.
  7017 | D:7      | Noticed Crazy Yiuf
  7166 | D:7      | Killed Crazy Yiuf
  7373 | D:8      | Reached XP level 10. HP: 85/85 MP: 10/10
  7375 | D:8      | Reached skill level 10 in Evocations
  7376 | D:8      | Reached skill level 1 in Staves
  7732 | D:8      | Reached skill level 5 in Staves
  8323 | D:7      | Bought a pair of embroidered gloves for 202 gold pieces
  8330 | D:7      | Bought an ichor-stained chain mail for 256 gold pieces
  8330 | D:7      | Identified the +6 chain mail of Hiurgh {rPois Int+2} (You
                  | bought it in a shop on level 7 of the Dungeon)
  8399 | D:9      | Found Darphubuu's Weapon Boutique.
  8439 | D:9      | Found a staircase to the Lair.
  8988 | D:9      | Noticed a seven-headed hydra
  8988 | D:9      | Noticed a green ugly thing
  8988 | D:9      | Noticed a deep elf pyromancer
  8989 | D:9      | Noticed a centaur warrior
  8989 | D:9      | Noticed a deep elf pyromancer
  8989 | D:9      | Noticed a cyan ugly thing
  8989 | D:9      | Noticed a centaur warrior
  9001 | D:9      | Noticed a meliai
  9002 | D:9      | Noticed a cane toad
  9321 | Lair:1   | Entered Level 1 of the Lair of Beasts
  9321 | Lair:1   | Noticed a black mamba
  9345 | D:10     | Entered Level 10 of the Dungeon
  9487 | D:10     | Noticed a two-headed ogre
  9571 | D:9      | Reached XP level 11. HP: 59/90 MP: 11/11
  9663 | D:10     | Noticed Grum
  9672 | D:10     | Killed Grum
  9718 | D:10     | Found a burning altar of Makhleb.
  9818 | D:10     | Noticed Fannar
  9839 | D:10     | Killed Fannar
 10469 | D:10     | Reached skill level 10 in Staves
 10647 | D:10     | Identified a scroll of acquirement
 10649 | D:10     | Acquired a +2 spectral lajatang
 11074 | D:10     | Killed a two-headed ogre
 11306 | D:11     | Noticed a two-headed ogre
 11321 | D:11     | Killed a two-headed ogre
 11457 | D:11     | Noticed a boulder beetle
 11467 | D:11     | Killed a boulder beetle
 11595 | D:11     | Found a staircase to the Orcish Mines.
 11967 | Orc:1    | Entered Level 1 of the Orcish Mines
 12014 | Orc:1    | Found Ynopeis's Antique Armour Boutique.
 12203 | Lair:1   | Reached skill level 5 in Dodging
 12466 | Orc:1    | Noticed an obsidian bat
 12474 | Orc:1    | Killed an obsidian bat
 12475 | Orc:1    | Reached XP level 12. HP: 96/97 MP: 12/12
 12543 | Orc:1    | Paralysed by an orc sorcerer for 4 turns
 12738 | Orc:2    | Entered Level 2 of the Orcish Mines
 12757 | Orc:1    | Found Vaunosec's Armour Shoppe.
 13441 | Orc:2    | Noticed Erolcha
 13478 | Orc:2    | Killed Erolcha
 13581 | Orc:2    | Found a staircase to the Elven Halls.
 13807 | Orc:2    | Noticed an orc high priest
 13807 | Orc:2    | Noticed an orc high priest
 13813 | Orc:2    | Noticed an orc high priest
 13814 | Orc:2    | Noticed a sun demon
 13863 | Orc:2    | Paralysed by an orc sorcerer for 5 turns
 13866 | Orc:2    | Noticed a soul eater
 13994 | Orc:1    | Killed an orc high priest
 14199 | Orc:1    | Killed an orc high priest
 14221 | Orc:2    | Killed an orc high priest
 14229 | Orc:2    | Reached XP level 13. HP: 93/103 MP: 13/13
 14239 | Orc:2    | Found Xasee's Jewellery Shoppe.
 14239 | Orc:2    | Found Reushadgh's Magic Scroll Boutique.
 14258 | Orc:2    | Found Gif Siot's Assorted Antiques.
 14258 | Orc:2    | Found Wiytreqy's Antique Weapon Shoppe.
 14274 | Orc:2    | Bought a scroll of acquirement for 728 gold pieces
 14275 | Orc:2    | Acquired a manual of Evocations
 14564 | Lair:1   | Reached skill level 11 in Evocations
 14766 | Lair:1   | Reached skill level 12 in Evocations
 15083 | Lair:1   | Reached skill level 13 in Evocations
 15135 | Lair:1   | Acquired 1200 gold pieces
 15343 | Orc:2    | Bought the amulet "Qahabe" {Will+ RegenMP+ Int+2} for 655
                  | gold pieces
 15343 | Orc:2    | Bought the ring "Nikuss" {rElec Str+6 Int+2 Dex+4 Slay-2}
                  | for 758 gold pieces
 15361 | Orc:2    | Bought a scroll of immolation for 56 gold pieces
 15361 | Orc:2    | Bought a scroll of teleportation for 42 gold pieces
 15361 | Orc:2    | Bought a scroll of enchant armour for 105 gold pieces
 16088 | Lair:2   | Reached skill level 14 in Evocations
 16122 | Lair:2   | Found a staircase to the Swamp.
 16296 | Lair:2   | Reached skill level 15 in Evocations
 16302 | Lair:2   | Found a gate leading to a gauntlet.
 16313 | Gauntlet | Entered a Gauntlet
 16313 | Gauntlet | Found a transporter.
 16325 | Gauntlet | Found a transporter.
 16325 | Gauntlet | Found a transporter.
 16326 | Gauntlet | Found a transporter.
 16334 | Gauntlet | Found a transporter.
 16337 | Gauntlet | Found a transporter.
 16338 | Gauntlet | Found a transporter.
 16347 | Gauntlet | Found a transporter.
 16350 | Gauntlet | Found a transporter.
 16351 | Gauntlet | Found a transporter.
 16362 | Gauntlet | Found a transporter.
 16363 | Gauntlet | Found a transporter.
 16363 | Gauntlet | Found a transporter.
 16371 | Gauntlet | Found a transporter.
 16373 | Gauntlet | Noticed a green death
 16396 | Gauntlet | Found a runed translucent door.
 16615 | Gauntlet | Identified the +1 hat of the Tanner {Harm rN+ Slay+2
                  | Stlth-}
 16654 | Abyss:2  | Cast into level 2 of the Abyss (an occultist)
 16660 | Abyss:2  | Noticed a rakshasa
 16722 | Abyss:2  | Noticed a tentacled starspawn
 16730 | Abyss:2  | Killed a tentacled starspawn
 16734 | Abyss:2  | Reached skill level 16 in Evocations
 16753 | Abyss:2  | Noticed a lich
 16763 | Gauntlet | Escaped the Abyss
 17051 | Gauntlet | Killed a green death
 17247 | Gauntlet | Identified the +3 rapier "Ekludwif" {speed, Will+}
 17247 | Gauntlet | Noticed a minotaur
 17255 | Gauntlet | Killed a minotaur
 17273 | Gauntlet | Got the Enchiridion on the Hot Deep Freeze
 17286 | Lair:2   | Found a transporter.
 17477 | Lair:2   | Reached XP level 14. HP: 55/110 MP: 14/14
 17544 | Lair:2   | Found a transporter.
 17552 | Lair:2   | Noticed Pewn's ghost (journeyman HOBe)
 17890 | Lair:2   | Reached skill level 17 in Evocations
 18084 | Lair:1   | Upgraded the game from 0.32-a0-981-g384da2ce10 to
                  | 0.32-a0-986-ga09f62fbf4
 18684 | Lair:3   | Found a hole to the Spider Nest.
 19037 | Lair:4   | Slain by a skyshark

Illustrated notes

Levels and vault maps discovered:
D:1:      ebering_trefoil_3fold, layout_basic
D:2:      layout_basic, uniq_natasha
D:3:      layout_basic, mainiacjoe_overflow_concentric_impassable,
          grunt_temple_overflow_open, shapermc_ecumenical_altar_starsandcircs,
          minivault_26, fountainhead, uniq_sigmund, uniq_ijyb
D:4:      layout_loops_cross, grunt_dithmenos_smoke_and_mirrors, fedhas_altar_2,
          lemuel_doored_altar, chequers_ossuary_entry_cave
D:5:      layout_rooms, gup_sewer_entry_glass
D:6:      layout_basic, minmay_misc_feat_tower
D:7:      layout_basic, mainiacjoe_overflow_chevrons,
          minmay_temple_entry_overgrown, serial_shops, nicolae_take_the_stairs,
          minivault_14, minivault_14, uniq_crazy_yiuf_cottage
D:8:      layout_basic
D:9:      layout_rooms, lair_entry_dummy, special_room [special_room_bee],
          serial_shops, shop, minivault_12
D:10:     layout_grid_maze, bloody_makhleb, uniq_grum, uniq_fannar
D:11:     layout_cave_pools, david_orc_1_choice
Temple:   zaba_magenta_temple
Lair:1:   layout_loops_ring, portal_ice_cave_entry_pillars_1, serial_bayou,
          serial_bayou_pond_e, serial_bayou_shore_a, serial_bayou_lake_a,
          serial_bayou_shore_b
Lair:2:   layout_gridlike, swamp_mist, gauntlet_entry_generic,
          nzn_ghost_randoct, lemuel_fruit_tree
Lair:3:   layout_chaotic_city, nicolae_spider_entry_orb_guardian,
          grunt_megastairs_2, lemuel_fruit_fields
Lair:4:   layout_regular_city, slime_entry_1, basic_altar, grunt_megastairs_5
Orc:1:    layout_diamond_mine, serial_shops, shop, shop, shop,
          minmay_orc_temple_c
Orc:2:    grunt_orc_tribal_feast, layout_caves, uniq_erolcha

Skill      XL: |  1  2  3  4  5  6  7  8  9 10 11 12 13 14 |
---------------+-------------------------------------------+-----
Evocations     | 4 5 6 7 8 9 10 16 17 | 17.7
Fighting       | 5 10 | 10.0
Maces & Flails | 2 4 |  4.0
Dodging        | 3 5 7 |  7.5
Armour         | 5 6 8 |  8.3
Staves         | 8 11 13 | 13.7
Stealth        | |  1.0

Action                     |  1- 3 |  4- 6 |  7- 9 | 10-12 | 13-15 || total
---------------------------+-------+-------+-------+-------+-------++-------
  Melee: Club              |    63 |    76 |    86 |       |       ||   225
         Short sword       |       |       |   195 |       |       ||   195
         Flail             |       |       |   171 |   244 |       ||   415
         Lajatang          |       |       |       |   268 |   422 ||   690
  Throw: Dart              |       |       |     4 |       |       ||     4
         Throwing net      |       |       |     3 |       |       ||     3
 Invoke: Call Merchant     |       |       |       |     1 |     1 ||     2
         Potion Petition   |       |       |       |       |     1 ||     1
  Evoke: Wand              |    10 |    22 |    28 |    27 |     4 ||    91
    Use: Scroll            |     3 |     1 |    12 |     5 |     7 ||    28
         Potion            |       |       |     6 |     3 |     3 ||    12
   Stab: Distracted        |     1 |       |       |     8 |    10 ||    19
         Sleeping          |       |       |    10 |       |       ||    10
         Paralysed         |       |       |       |     3 |       ||     3
 Armour: Leather armour    |    63 |    81 |   311 |       |       ||   455
         Scale mail        |       |       |    54 |   587 |   270 ||   911
         Skin              |       |       |       |    68 |       ||    68
  Dodge: Dodged            |    42 |    64 |   263 |   275 |   181 ||   825

Table legend: (Time is in decaauts)
 A = Elapsed time spent in this place.
 B = Non-inter-level travel time spent in this place.
 C = Inter-level travel time spent in this place.
 D = Time resting spent in this place.
 E = Time spent auto-exploring this place.
 F = Levels seen in this place.
 G = Mean time per level.
                   A        B        C        D        E       F      G
               +--------+--------+--------+--------+--------+-----+--------+
         Total |  19071 |  17283 |   1788 |   1902 |   9570 |  21 |  908.1 |
       Dungeon |  12032 |  10777 |   1255 |    754 |   6486 |  11 | 1093.8 |
        Temple |     30 |     16 |     14 |      0 |      0 |   1 |   30.0 |
          Lair |   3387 |   3033 |    354 |     67 |   2086 |   4 |  846.8 |
  Orcish Mines |   2267 |   2103 |    164 |    548 |    859 |   2 | 1133.5 |
         Abyss |    102 |    102 |      0 |      0 |      0 |   1 |  102.0 |
       Ossuary |    414 |    414 |      0 |    111 |     22 |   1 |  414.0 |
      Gauntlet |    836 |    836 |      0 |    422 |    117 |   1 |  836.0 |
               +--------+--------+--------+--------+--------+-----+--------+

Top non-repeatable levels by time:
    D:10: 1632 daAuts
  Lair:1: 1483 daAuts
   Orc:1: 1438 daAuts
     D:9: 1373 daAuts
     D:7: 1335 daAuts
     D:2: 1161 daAuts
     D:1: 1097 daAuts
  Lair:2: 1048 daAuts
     D:3: 1037 daAuts
     D:4: 1029 daAuts
    D:11: 998 daAuts
     D:6: 939 daAuts
Gauntlet: 836 daAuts
     D:8: 834 daAuts
   Orc:2: 828 daAuts
